 Seeded DCSS version 0.29-a0-338-g1ff7896281 (webtiles) character file.

Game seed: 20220417 (custom seed)

21905 a11behringer the Bludgeoner (level 12, -13/107 HPs)
             Began as a Minotaur Fighter on Apr 17, 2022.
             Was a High Priest of Okawaru.
             Mangled by a red ugly thing (25 damage)
             ... on level 11 of the Dungeon.
             The game lasted 00:27:39 (9261 turns).

a11behringer the Bludgeoner (Minotaur Fighter)      Turns: 9261, Time: 00:27:39

Health: -13/107    AC: 21    Str: 26    XL:     12   Next: 58%
Magic:  15/15      EV: 12    Int:  7    God:    Okawaru [*****.]
Gold:   878        SH:  6    Dex: 12    Spells: 11/11 levels left

rFire   x . .      SeeInvis .   z - +8 mace of Jajamos {vorpal, rC+ rN+ Int+2}
rCold   + + .      Faith    .   c - +0 buckler
rNeg    + + +      Spirit   .   q - +5 scale mail of Wariness {rN+ Str+2}
rPois   +          Reflect  .   (helmet restricted)
rElec   .          Harm     .   (no cloak)
rCorr   .          Rampage  .   B - +0 pair of gloves
Will    .....                   k - +1 pair of boots
Stlth   ..........              f - amulet of regeneration
HPRegen 1.07/turn               h - +4 ring of protection
MPRegen 0.14/turn               w - ring "Paog" {Ice rPois rN+}

@: no status effects
A: horns 2, retaliatory headbutt
a: Renounce Religion, Heroism, Finesse, Duel


You were on level 11 of the Dungeon.
You worshipped Okawaru.
Okawaru was extremely pleased with you.
You visited 2 branches of the dungeon, and saw 12 of its levels.

You collected 878 gold pieces.

Inventory:

Hand Weapons
 a - a +0 war axe
 z - the +8 mace of Jajamos (weapon) {vorpal, rC+ rN+ Int+2}
   (You found it on level 4 of the Dungeon)

   It inflicts extra damage upon your enemies.
   Int:       It affects your intelligence (+2).
   rC:        It protects you from cold.
   rN:        It protects you from negative energy.
 D - a +1 whip of electrocution
 O - a +0 hand crossbow
 P - a +0 shortbow
Missiles
 l - 55 poisoned darts (quivered)
 F - 7 throwing nets
 N - 5 javelins
Armour
 b - a +0 scale mail
 c - a +0 buckler (worn)
 k - a +1 pair of boots (worn)
 o - a +0 chain mail of willpower
 q - the +5 scale mail of Wariness (worn) {rN+ Str+2}
   (You found it on level 3 of the Dungeon)

   Str:       It affects your strength (+2).
   rN:        It protects you from negative energy.
 u - a +0 pair of boots
 B - a +0 pair of gloves (worn)
Jewellery
 f - an amulet of regeneration (around neck)
 h - a +4 ring of protection (left hand)
 p - a ring of resist corrosion
 v - a ring of wizardry
 w - the ring "Paog" (right hand) {Ice rPois rN+}
   (You found it on level 4 of the Dungeon)

   [ring of ice]

   It enhances your ice magic.
   rF:        It makes you vulnerable to fire.
   rC:        It protects you from cold.
   rPois:     It protects you from poison.
   rN:        It protects you from negative energy.
 x - a +6 ring of dexterity
 J - the amulet "Kegah" {RegenMP rC+}
   (You took it off a centaur warrior on level 11 of the Dungeon)

   [amulet of magic regeneration]

   It increases your rate of magic regeneration.
   rC:        It protects you from cold.
Wands
 s - a wand of digging (3)
 t - a wand of flame (35)
 C - a wand of iceblast (17)
Scrolls
 e - 7 scrolls of magic mapping
 i - a scroll of fog
 n - 4 scrolls of teleportation
 r - a scroll of immolation
 y - 2 scrolls of fear
 H - 4 scrolls of amnesia
 L - a scroll of holy word
 Q - a scroll of identify
Potions
 d - 2 potions of might
 g - 7 potions of curing
 j - a potion of invisibility {unknown}
 m - 2 potions of resistance
 A - 2 potions of berserk rage
 E - a potion of brilliance
 G - 2 potions of mutation
 I - 2 potions of cancellation
 K - 3 potions of flight
 M - 2 potions of heal wounds {unknown}
 R - a potion of haste


   Skills:
 + Level 10.3 Fighting
 + Level 8.1(13.1) Axes
 * Level 16.0(16.8) Maces & Flails
 * Level 4.5 Crossbows
 + Level 8.8 Armour
 + Level 5.4 Dodging
 + Level 7.6 Shields
 * Level 6.2 Invocations


You had 11 spell levels left.
You didn't know any spells.
Your spell library contained the following spells:

 Spells                   Type           Power      Damage    Failure   Level
 Pain                     Necr           0%         1d4       75%         1
 Conjure Flame            Conj/Fire      0%         6-21      98%         3
 Ignite Poison            Fire/Tmut/Pois 0%         N/A       98%         3
 Vampiric Draining        Necr           0%         2d6       98%         3
 Fulminant Prism          Conj/Hex       0%         3d6       100%        4
 Hailstorm                Conj/Ice       0%         3d3       100%        4
 Ice Form                 Ice/Tmut       0%         N/A       100%        4
 Iskenderun's Mystic Bla  Conj/Tloc      0%         2d3       100%        4
 Sticky Flame             Conj/Fire      0%         2d3       100%        4
 Lee's Rapid Deconstruct  Erth           0%         3d5*      100%        5
 Animate Skeleton         Necr           Unusable   N/A       N/A         1
 Summon Small Mammal      Summ           Unusable   N/A       N/A         1
 Call Canine Familiar     Summ           Unusable   N/A       N/A         3
 Summon Guardian Golem    Hex/Summ       Unusable   N/A       N/A         3
 Simulacrum               Ice/Necr       Unusable   N/A       N/A         6

Dungeon Overview and Level Annotations

Branches:
Dungeon (11/15)            Temple (1/1) D:7            Lair (0/6) D:9
    Orc (0/2) D:10

Altars:
Dithmenos
Elyvilon
Fedhas
Gozag
Kikubaaqudgha
Makhleb
Nemelex Xobeh
Okawaru
Qazlal
Ru
Sif Muna
Trog
Uskayaw
Vehumet
Yredelemnul
Zin
The Shining One

Shops:
D:4 *

Annotations:
D:9 2 runed translucent doors


Innate Abilities, Weirdness & Mutations

You have a pair of horns on your head.
You reflexively headbutt those who attack you in melee.


Message History

The red ugly thing gurgles horribly!
You hit the red ugly thing.
The red ugly thing is lightly wounded.
The red ugly thing barely misses you. You furiously retaliate!
You headbutt the red ugly thing! You barely miss the red ugly thing.
Your headbutt misses the red ugly thing.
The red ugly thing is lightly wounded.
The red ugly thing punches you but does no damage.
You barely miss the red ugly thing.
Your headbutt misses the red ugly thing.
The red ugly thing is lightly wounded.
You hit the red ugly thing.
The red ugly thing is moderately wounded.
The red ugly thing punches you but does no damage.
You sock the red ugly thing!
The red ugly thing is heavily wounded.
The red ugly thing punches you.
You are engulfed in flames!!
The fire burns you terribly!
You sock the red ugly thing! You headbutt the red ugly thing.
The red ugly thing is severely wounded.
The red ugly thing punches you.
You are engulfed in flames!!
The fire burns you terribly!
You are too injured to fight recklessly!
You are too injured to fight recklessly!
You are too injured to fight recklessly!
You barely miss the red ugly thing.
The red ugly thing is severely wounded.
You closely miss the red ugly thing.
Your headbutt misses the red ugly thing.
The red ugly thing is severely wounded.
The red ugly thing punches you!
You are engulfed in flames!!
The fire burns you terribly!
* * * LOW HITPOINT WARNING * * *
You barely miss the red ugly thing.
The red ugly thing is severely wounded.
The red ugly thing punches you.
* * * LOW HITPOINT WARNING * * *
You are engulfed in flames!!
The fire burns you terribly!
You die...

......###.....#.....###.
...... #.....###.....#
....#. #..#.......#..#
.... ####.......#### #
#..# #..#.†###..#..# .
..... #...)..#......# .
#..###..#..#..#†.###.
#.......#######......
#..u@...# .#..#....†)
#.....###.....#.....###.
###... #.....###.....# .
..... #..#.......#..# .
.....#######...(|..####
# ....#.!#..#.....).#..#
##.....#.....###(....#
..
#.....###.....#.....##
...
#....)..#..#..#......


You could see a red ugly thing.

Vanquished Creatures
  Josephine (D:11)
  Harold (D:10)
  3 boulder beetles
  A hydra (D:11)
  7 two-headed ogres
  A centaur warrior (D:11)
  A tengu warrior (D:11)
  Pikel (D:5)
  A manticore (D:10)
  3 cyclopes (D:11)
  Maggie (D:10)
  3 kobold demonologists
  A komodo dragon (D:11)
  4 trolls
  A slime creature (D:11)
  A hornet (D:11)
  3 shadows
  16 yaks
  6 wraiths
  A vampire mosquito (D:11)
  An acid dragon (D:11)
  A water moccasin (D:6)
  5 ice beasts
  5 orc warriors
  2 black bears
  An ogre (D:6)
  4 centaurs
  A lemure (D:5)
  2 phantoms (D:4)
  6 kobold brigands
  4 bullfrogs
  A gnoll sergeant (D:9)
  2 necrophages
  4 scorpions
  12 wights (D:9)
  4 killer bees (D:8)
  3 howler monkeys
  2 jellies
  3 orc priests
  5 hounds
  5 iguanas
  Jessica (D:3)
  Terence (D:3)
  7 orc wizards
  12 gnolls
  8 adders
  A shadow imp (D:8)
  2 ufetubi
  2 worms
  2 dart slugs
  35 orcs
  10 ball pythons
  3 bats
  8 endoplasms
  3 giant cockroaches
  9 goblins
  4 hobgoblins
  2 jackals (D:1)
  3 quokkas
  10 frilled lizards
  16 kobolds
  4 rats
273 creatures vanquished.

Vanquished Creatures (others)
  A fungus (D:9)
  A plant (D:9)
2 creatures vanquished.

Grand Total: 275 creatures vanquished

Notes
Turn   | Place    | Note
-------+----------+-------------------------------------------
     0 | D:1      | a11behringer the Minotaur Fighter began the quest for the
                  | Orb.
     0 | D:1      | Reached XP level 1. HP: 19/19 MP: 0/0
   163 | D:1      | Reached XP level 2. HP: 21/27 MP: 1/1
   347 | D:1      | Found a faded altar of an unknown god.
   356 | D:1      | Reached XP level 3. HP: 33/33 MP: 2/2
  1581 | D:2      | Reached XP level 4. HP: 40/40 MP: 3/3
  1730 | D:3      | Noticed Terence
  1740 | D:3      | Killed Terence
  1747 | D:3      | Identified the +5 scale mail of Wariness {rN+ Str+2}
  1811 | D:3      | Found a sacrificial altar of Ru.
  1822 | D:3      | Found a radiant altar of Vehumet.
  1902 | D:3      | Reached XP level 5. HP: 47/47 MP: 4/4
  1964 | D:3      | Noticed Jessica
  1967 | D:3      | Killed Jessica
  1968 | D:3      | Reached skill level 5 in Axes
  2588 | D:4      | Found Xeizeck's Fire Supplies.
  2593 | D:4      | Identified the ring "Paog" {Ice rPois rN+}
  2597 | D:4      | Noticed a phantom
  2648 | D:4      | Killed a phantom
  2790 | D:4      | Noticed a black bear
  2800 | D:4      | Killed a black bear
  2801 | D:4      | Reached skill level 1 in Dodging
  2801 | D:4      | Reached XP level 6. HP: 52/53 MP: 5/5
  2934 | D:4      | Identified the +8 mace of Jajamos {vorpal, rC+ rN+ Int+2}
  2957 | D:4      | Reached skill level 5 in Fighting
  2957 | D:4      | Reached skill level 1 in Maces & Flails
  2957 | D:4      | Reached XP level 7. HP: 54/61 MP: 6/6
  3295 | D:5      | Entered Level 5 of the Dungeon
  3325 | D:5      | Noticed Pikel
  3339 | D:5      | Killed Pikel
  3340 | D:5      | Reached skill level 4 in Maces & Flails
  3340 | D:5      | Reached skill level 5 in Armour
  3340 | D:5      | Reached XP level 8. HP: 44/69 MP: 7/7
  3604 | D:5      | Reached skill level 5 in Maces & Flails
  4211 | D:5      | Reached skill level 6 in Maces & Flails
  4453 | D:5      | Found a basalt altar of Yredelemnul.
  4453 | D:5      | Found a glowing silver altar of Zin.
  4634 | D:6      | Reached skill level 7 in Maces & Flails
  4775 | D:6      | Reached skill level 8 in Maces & Flails
  4938 | D:6      | Reached XP level 9. HP: 57/75 MP: 8/8
  5224 | D:7      | Reached skill level 9 in Maces & Flails
  5224 | D:7      | Reached skill level 5 in Shields
  5328 | D:7      | Found a stormy altar of Qazlal.
  5677 | D:7      | Noticed a boulder beetle
  5692 | D:7      | Killed a boulder beetle
  5693 | D:7      | Reached skill level 10 in Maces & Flails
  5763 | D:7      | Reached skill level 11 in Maces & Flails
  5987 | D:7      | Found a staircase to the Ecumenical Temple.
  6134 | Temple   | Entered the Ecumenical Temple
  6181 | Temple   | Became a worshipper of Warmaster Okawaru
  6387 | D:8      | Found a sparkling altar of Nemelex Xobeh.
  6493 | D:8      | Reached skill level 1 in Invocations
  6514 | D:8      | Noticed a two-headed ogre
  6525 | D:8      | Killed a two-headed ogre
  6525 | D:8      | Reached * piety under Okawaru
  6526 | D:8      | Reached skill level 12 in Maces & Flails
  6526 | D:8      | Reached XP level 10. HP: 35/86 MP: 8/10
  6900 | D:9      | Reached ** piety under Okawaru
  6916 | D:9      | Reached skill level 13 in Maces & Flails
  7067 | D:9      | Found a runed translucent door.
  7069 | D:9      | Found a runed translucent door.
  7191 | D:9      | Reached *** piety under Okawaru
  7386 | D:9      | Found a staircase to the Lair.
  7488 | D:9      | Reached XP level 11. HP: 87/94 MP: 12/12
  7698 | D:10     | Entered Level 10 of the Dungeon
  7730 | D:10     | Found a white marble altar of Elyvilon.
  7788 | D:10     | Found a staircase to the Orcish Mines.
  7789 | D:10     | Noticed a two-headed ogre
  7794 | D:10     | Received a gift from Okawaru
  7795 | D:10     | Reached skill level 14 in Maces & Flails
  7802 | D:10     | Killed a two-headed ogre
  7876 | D:10     | Noticed Harold
  7879 | D:10     | Noticed a two-headed ogre
  7879 | D:10     | Noticed Maggie
  7887 | D:10     | Killed Harold
  7890 | D:10     | Killed a two-headed ogre
  7890 | D:10     | Reached **** piety under Okawaru
  7894 | D:10     | Killed Maggie
  8281 | D:10     | Found the +8 Vampire's Tooth {vamp}
  8292 | D:10     | Reached skill level 1 in Crossbows
  8607 | D:10     | Noticed a boulder beetle
  8634 | D:10     | Killed a boulder beetle
  8634 | D:10     | Reached ***** piety under Okawaru
  8820 | D:11     | Reached skill level 15 in Maces & Flails
  8826 | D:11     | Identified the amulet "Kegah" {RegenMP rC+}
  8826 | D:11     | Noticed a centaur warrior
  8842 | D:11     | Killed a centaur warrior
  8842 | D:11     | Received a gift from Okawaru
  8906 | D:11     | Reached skill level 5 in Invocations
  8919 | D:11     | Noticed a two-headed ogre
  8927 | D:11     | Killed a two-headed ogre
  8927 | D:11     | Noticed a six-headed hydra
  8931 | D:11     | Noticed a tengu warrior
  8937 | D:11     | Killed a six-headed hydra
  8939 | D:11     | Noticed a two-headed ogre
  8943 | D:11     | Noticed Josephine
  8957 | D:11     | Killed Josephine
  8958 | D:11     | Reached XP level 12. HP: 21/105 MP: 11/15
  9065 | D:11     | Noticed a two-headed ogre
  9073 | D:11     | Killed a two-headed ogre
  9098 | D:11     | Noticed a boulder beetle
  9121 | D:11     | Killed a boulder beetle
  9122 | D:11     | Reached skill level 5 in Dodging
  9155 | D:11     | Killed a two-headed ogre
  9156 | D:11     | Reached skill level 10 in Fighting
  9198 | D:11     | Killed a tengu warrior
  9203 | D:11     | Reached skill level 16 in Maces & Flails
  9211 | D:11     | Noticed a two-headed ogre
  9218 | D:11     | Killed a two-headed ogre
  9261 | D:11     | Mangled by a red ugly thing

Illustrated notes

Levels and vault maps discovered:
D:1:      dpeg_cavernosity, layout_basic, hellmonk_ecumenical_altar_crossroads,
          chequers_serial_rivers_micro_c
D:2:      layout_rooms, grunt_ministairs_6, minmay_quantized
D:3:      minmay_evil_eye, layout_loops_cross, amethyst_overflow_temple_binary,
          uniq_jessica, uniq_terence
D:4:      layout_basic, chequers_serial_rivers_small_b, nicolae_shop_fire_sale
          [nicolae_sub_dead_trees], minmay_cut_off
D:5:      layout_layer_cave, gammafunk_temple_overflow_elements,
          minmay_starry_boxes, uniq_pikel
D:6:      layout_basic
D:7:      layout_loops_corners, lemuel_round_altar,
          minmay_temple_entry_nine_rooms
D:8:      layout_cave_pools, old_standard_altar
D:9:      lemuel_insect_pit, layout_irregular_city,
          grunt_lair_entry_orc_guard_hut, lemuel_old_faithful
D:10:     layout_basic, marbit_many_paths, orc_david_3,
          small_chamber_with_monster, uniq_harold, uniq_maggie
D:11:     hangedman_cross_cluster, layout_small_grid,
          kennysheep_opposing_triangles, uniq_josephine
Temple:   regret_index_temple_waves

Skill      XL: |  1  2  3  4  5  6  7  8  9 10 11 12 |
---------------+-------------------------------------+-----
Fighting       | 4 5 6 7 9 10 | 10.3
Axes           | 3 4 6 7 8 |  8.1
Armour         | 4 5 6 7 8 |  8.8
Shields        | 4 5 6 7 |  7.6
Dodging        | 1 2 3 4 5 |  5.4
Maces & Flails | 1 4 8 12 13 15 16 | 16.0
Invocations    | 1 3 5 6 |  6.2
Crossbows      | 3 4 |  4.5

Action                   |  1- 3 |  4- 6 |  7- 9 | 10-12 || total
-------------------------+-------+-------+-------+-------++-------
Melee: War axe           |    72 |    96 |       |       ||   168
       Headbutt          |     8 |    15 |    33 |   106 ||   162
       Mace              |       |    11 |   196 |   383 ||   590
Invok: Heroism           |       |       |       |     7 ||     7
       Finesse           |       |       |       |     1 ||     1
  Use: Scroll            |       |       |    15 |     4 ||    19
       Potion            |       |       |     1 |     2 ||     3
 Stab: Distracted        |     1 |       |       |       ||     1
Armor: Scale mail        |    44 |    52 |    92 |   201 ||   389
Dodge: Dodged            |    46 |    65 |    69 |   185 ||   365
Block: Buckler           |    24 |    29 |    29 |   101 ||   183

Table legend: (Time is in decaauts)
 A = Elapsed time spent in this place.
 B = Non-inter-level travel time spent in this place.
 C = Inter-level travel time spent in this place.
 D = Time resting spent in this place.
 E = Time spent auto-exploring this place.
 F = Levels seen in this place.
 G = Mean time per level.
                   A        B        C        D        E       F      G
               +--------+--------+--------+--------+--------+-----+--------+
         Total |   9225 |   8350 |    875 |      0 |   6795 |  12 |  768.8 |
       Dungeon |   9145 |   8306 |    839 |      0 |   6763 |  11 |  831.4 |
        Temple |     79 |     43 |     36 |      0 |     32 |   1 |   79.0 |
               +--------+--------+--------+--------+--------+-----+--------+

Top non-repeatable levels by time:
     D:5: 1261 daAuts
     D:7: 1071 daAuts
    D:10: 1055 daAuts
     D:1: 1055 daAuts
     D:4: 850 daAuts
     D:3: 846 daAuts
     D:9: 821 daAuts
     D:6: 665 daAuts
     D:2: 602 daAuts
     D:8: 472 daAuts
    D:11: 443 daAuts
  Temple: 79 daAuts
